 Dungeon Crawl Stone Soup version 0.27-a0-385-g3208abaabc (webtiles) character file.

Game seed: 10616131933595117677

144 jasper the Sneak (level 5, -3/31 HPs)
             Began as an Octopode Enchanter on Feb 18, 2021.
             Was an Initiate of Ashenzari.
             Slain by a bullfrog (6 damage)
             ... in a sewer.
             The game lasted 00:04:39 (3872 turns).

jasper the Sneak (Octopode Enchanter)               Turns: 3872, Time: 00:04:40

Health: -3/31      AC:  1    Str:  7    XL:     5   Next: 27%
Magic:  2/8        EV: 18    Int: 19    God:    Ashenzari [......]
Gold:   143        SH:  0    Dex: 12    Spells: 2/8 levels left

rFire    . . .     SeeInvis .   a - +1 dagger (curse)
rCold    . . .     Faith    .   (no shield)
rNeg     . . .     Spirit   .   (helmet restricted)
rPois    .         Reflect  .   (no amulet)
rElec    .         Harm     .   h - ring of flight
rCorr    .         Rampage  .   l - +4 ring of evasion (curse)
Will     .....                  (no ring)
Stlth    +++++.....             (no ring)
HPRegen  0.10/turn              (no ring)
MPRegen  0.11/turn              (no ring)
                                (no ring)
                                (no ring)

@: no status effects
A: almost no armour, stealthy swim, amphibious, 8 rings, constrict 8, camouflage
1, gelatinous body 1
a: Renounce Religion, Evoke Flight, Curse Item


You were in a sewer.
You worshipped Ashenzari.
Ashenzari was noncommittal.
You visited 1 branch of the dungeon, and saw 4 of its levels.
You also visited: Sewer.

You collected 143 gold pieces.

Inventory:

Hand Weapons
 a - a cursed +1 dagger (weapon)
Missiles
 d - 16 poisoned darts (quivered)
 k - a throwing net
Jewellery
 h - a ring of flight (left tentacle)
 l - a cursed +4 ring of evasion (right tentacle)
Scrolls
 b - a scroll of magic mapping
 c - 2 scrolls of teleportation
 e - a scroll of fog
 g - 4 scrolls of identify
 m - a scroll of enchant weapon
Potions
 f - a potion of brilliance
 i - a potion of curing
 j - 2 potions of might


   Skills:
 + Level 2.4 Short Blades
 + Level 2.9 Dodging
 + Level 5.2 Stealth
 - Level 2.0 Spellcasting
 * Level 4.0 Hexes


You had 2 spell levels left.
You knew the following spells:

 Your Spells              Type           Power        Failure   Level
a - Corona                Hex            18%          3%          1
b - Ensorcelled Hibernat  Hex/Ice        18%          11%         2
c - Confusing Touch       Hex            17%          10%         3

Your spell library contained the following spells:

 Spells                   Type           Power        Failure   Level
 Tukima's Dance           Hex            17%          10%         3
 Dazzling Flash           Conj/Hex       18%          22%         3
 Ice Form                 Ice/Tmut       1%           86%         4
 Metabolic Englaciation   Hex/Ice        4%           90%         5
 Freezing Cloud           Conj/Ice/Air   0%           100%        6
 Simulacrum               Ice/Necr       0%           100%        6
 Ozocubu's Refrigeration  Ice            0%           100%        7


Dungeon Overview and Level Annotations

Branches:
Dungeon (4/15)              Sewer (1/1)
 Temple: D:4-7

Altars:
Ashenzari
Trog


Innate Abilities, Weirdness & Mutations

You cannot wear most types of armour.
You are very stealthy in the water. (Stealth+)
You are amphibious.
You can wear up to eight rings at the same time.
You can use your tentacles to constrict eight enemies at once.
Your skin changes colour to match your surroundings (Stealth+).
Your rubbery body absorbs attacks. (AC +1, EV +1)


Message History

You add the spells Ice Form, Metabolic Englaciation, Freezing Cloud, Simulacrum and Ozocubu's Refrigeration to your library.
You see here a scroll of identify.
g - 4 scrolls of identify (gained 1)
The bullfrog croaks. x2
The bullfrog hits you. The bullfrog closely misses you.
The bullfrog completely misses you. The bullfrog hits you.
You take 9 damage, and have 22/31 hp.
MASSIVE DAMAGE!!
Casting: Ensorcelled Hibernation (safe; 11% risk of failure)
Confirm with . or Enter, or press ? or * to list all spells.
Aiming: Ensorcelled Hibernation (safe; 11% risk of failure)
Press: ? - help, Shift-Dir - straight line, f - bullfrog
Aim: a bullfrog (water, chance to affect: 40%)
The bullfrog resists with some effort.
The bullfrog completely misses you. The bullfrog hits you.
You take 3 damage, and have 19/31 hp.
You now have 6/8 mp.
Casting: Ensorcelled Hibernation (safe; 11% risk of failure)
Confirm with . or Enter, or press ? or * to list all spells.
Aiming: Ensorcelled Hibernation (safe; 11% risk of failure)
Press: ? - help, Shift-Dir - straight line, f/p - bullfrog
Aim: a bullfrog (water, chance to affect: 40%)
The bullfrog looks drowsy...
The bullfrog completely misses you. The bullfrog closely misses you.
You now have 4/8 mp.
The helpless bullfrog fails to defend itself.
You impale the bullfrog!! Your grab misses the bullfrog.
Your squeeze misses the bullfrog.
The bullfrog is almost dead.
The bullfrog hits you! The bullfrog closely misses you.
You take 8 damage, and have 11/31 hp.
MASSIVE DAMAGE!!
Casting: Ensorcelled Hibernation (safe; 11% risk of failure)
Confirm with . or Enter, or press ? or * to list all spells.
Aiming: Ensorcelled Hibernation (safe; 11% risk of failure)
Press: ? - help, Shift-Dir - straight line, f - bullfrog, p - bullfrog
Aim: a bullfrog (water, chance to affect: 40%)
The bullfrog resists with some effort.
The bullfrog closely misses you.
The bullfrog misses you. x2; The bullfrog hits you!
* * * LOW HITPOINT WARNING * * *
You take 8 damage, and have 3/31 hp.
MASSIVE DAMAGE!!
You now have 2/8 mp.
The bullfrog misses you. The bullfrog hits you.
You die...

#≈≈≈≈≈≈≈≈≈≈≈≈≈≈
#≈≈∩..≈≈≈≈≈≈≈≈≈≈.#
##≈≈.....≈.≈≈≈≈≈≈.#
#≈≈≈≈≈..≈≈≈≈≈≈≈≈≈.#
#≈≈≈≈≈≈≈≈≈≈≈≈≈≈≈≈.#
#
#≈≈≈≈≈.[.≈≈≈≈≈≈≈≈.#
#
#≈≈≈≈...}.≈≈≈≈≈≈≈.#
#
#≈≈≈≈≈.).≈≈≈≈≈≈≈≈.#
#
#≈≈F@≈≈.≈≈≈≈≈.≈≈≈.#
#
##≈F≈≈≈≈≈≈≈≈≈.≈≈≈.#
# #≈≈≈≈≈≈≈≈≈≈≈.≈≈≈.#
#
#≈≈≈≈≈≈≈≈≈≈≈.†≈≈.###
##≈≈≈≈≈≈≈≈≈#.†≈≈.##.
##≈≈≈≈≈≈≈≈#.≈≈≈.##.
##≈≈≈≈≈###.≈≈≈.##≈
####### #.≈≈≈.##.
#.≈≈≈≈##≈


You could see 2 bullfrogs.

Vanquished Creatures
  A hound skeleton (D:4)
  4 adders
  An ooze (D:3)
  2 worms (D:2)
  A dart slug (D:1)
  A leopard gecko (D:2)
  2 orcs (D:3)
  A ball python (D:1)
  12 giant cockroaches
  6 goblins
  14 hobgoblins
  9 jackals
  2 bats (D:1)
  4 frilled lizards
  5 kobolds
  8 rats
73 creatures vanquished.

Notes
Turn   | Place    | Note
-------+----------+-------------------------------------------
     0 | D:1      | jasper the Octopode Enchanter began the quest for the Orb.
     0 | D:1      | Reached XP level 1. HP: 11/11 MP: 3/3
   171 | D:1      | Reached XP level 2. HP: 17/17 MP: 5/5
   178 | D:1      | Learned a level 2 spell: Ensorcelled Hibernation
   880 | D:2      | Reached XP level 3. HP: 20/21 MP: 6/6
  1194 | D:2      | Found a broken altar of Ashenzari.
  1215 | D:2      | Became a worshipper of Ashenzari the Shackled
  1422 | D:2      | Learned a level 3 spell: Confusing Touch
  1942 | D:2      | Found a bloodstained altar of Trog.
  2146 | D:2      | Reached XP level 4. HP: 27/27 MP: 7/7
  2218 | D:3      | HP: 1/27 [jackal (3)]
  2528 | D:3      | Found a bloodstained altar of Trog.
  2837 | D:3      | Reached skill level 5 in Stealth
  3596 | D:4      | Found a glowing drain.
  3633 | D:4      | Reached XP level 5. HP: 31/31 MP: 4/8
  3704 | Sewer    | Entered a sewer
  3872 | Sewer    | Slain by a bullfrog

Illustrated notes

Levels and vault maps discovered:
D:1:      lordsloth_arrival_two_stooges, layout_loops_ring
D:2:      layout_loops_cross, nicolae_overflow_crystal_walls,
          nicolae_ashenzari_panopticon
D:3:      layout_loops_cross, trog_hazing_becter
D:4:      layout_layer_cave, kennysheep_mini_moat, gup_sewer_entry_glass
Sewer:    sewer_frog_island_01

Skill      XL: |  1  2  3  4  5 |
---------------+----------------+-----
Short Blades   | 2 |  2.4
Stealth        | 5 |  5.2
Hexes          | 4 |  4.0
Dodging        | |  2.9
Spellcasting   | |  2.0

Action                   |  1- 3 |  4- 6 || total
-------------------------+-------+-------++-------
Melee: Dagger            |    76 |    91 ||   167
       Constrict         |    19 |    23 ||    42
       Tentacles         |     9 |    11 ||    20
Throw: Dart              |    46 |     5 ||    51
 Cast: Ensorcelled Hiber |     4 |    12 ||    16
       Confusing Touch   |       |     1 ||     1
Invok: Curse Item        |     1 |     1 ||     2
 Stab: Sleeping          |     7 |    13 ||    20
       Confused          |       |     1 ||     1
Armor: Skin              |     3 |     6 ||     9
Dodge: Dodged            |    44 |    73 ||   117

Table legend: (Time is in decaauts)
 A = Elapsed time spent in this place.
 B = Non-inter-level travel time spent in this place.
 C = Inter-level travel time spent in this place.
 D = Time resting spent in this place.
 E = Time spent auto-exploring this place.
 F = Levels seen in this place.
 G = Mean time per level.
                   A        B        C        D        E       F      G
               +--------+--------+--------+--------+--------+-----+--------+
         Total |   3856 |   3735 |    121 |    627 |   2585 |   5 |  771.2 |
       Dungeon |   3690 |   3569 |    121 |    627 |   2461 |   4 |  922.5 |
         Sewer |    166 |    166 |      0 |      0 |    124 |   1 |  166.0 |
               +--------+--------+--------+--------+--------+-----+--------+

Top non-repeatable levels by time:
     D:2: 1704 daAuts
     D:3: 955 daAuts
     D:1: 866 daAuts
   Sewer: 166 daAuts
     D:4: 164 daAuts
